 Dungeon Crawl Stone Soup version 0.28.0-53-g5a82cb258f (webtiles) character file.

Game seed: 717374428069509251

33 Descartes the Ruffian (level 3, -2/16 HPs)
             Began as a Vine Stalker Wanderer on May 23, 2022.
             Was a Follower of Wu Jian.
             Slain by an orc
             ... wielding a +0 war axe
              (6 damage)
             ... on level 3 of the Dungeon.
             The game lasted 00:04:26 (2203 turns).

Descartes the Ruffian (Vine Stalker Wanderer)       Turns: 2203, Time: 00:04:27

Health: -2/16      AC:  3    Str: 14    XL:     3   Next: 29%
Magic:  0/5        EV: 11    Int: 14    God:    Wu Jian [*.....]
Gold:   73         SH:  0    Dex: 13    Spells: 3/4 levels left

rFire   . . .      SeeInvis .   a - +0 dagger
rCold   . . .      Faith    .   (no shield)
rNeg    . . .      Spirit   +   p - +0 leather armour
rPois   .          Reflect  .   (no helmet)
rElec   .          Harm     .   (no cloak)
rCorr   .          Rampage  .   (no gloves)
Will    .....                   (no boots)
Stlth   ++........              (no amulet)
HPRegen 0.05/turn               (no ring)
MPRegen 0.09/turn               (no ring)

@: no status effects
A: fangs 2, magic shield, antimagic bite, no potion heal 2
a: Renounce Religion


You were on level 3 of the Dungeon.
You worshipped Wu Jian.
Wu Jian was aware of your devotion.
You visited 1 branch of the dungeon, and saw 3 of its levels.

You collected 73 gold pieces.

Inventory:

Hand Weapons
 a - a +0 dagger (weapon)
Missiles
 b - 14 poisoned darts (quivered)
 g - 6 boomerangs
 i - 98 stones
Armour
 p - a +0 leather armour (worn)
Wands
 m - a wand of acid (10)
Scrolls
 f - a scroll of enchant armour {unknown}
 h - a scroll of identify {unknown}
 l - a scroll of fear {unknown}
 n - a scroll of blinking {unknown}
 o - a scroll of teleportation {unknown}
Potions
 c - 2 potions of brilliance
 e - a potion of heal wounds {unknown}
 j - 2 potions of haste {unknown}
 k - a potion of cancellation {unknown}


   Skills:
 + Level 1.6 Short Blades
 - Level 1.7 Throwing
 + Level 3.0 Stealth
 - Level 4.0 Unarmed Combat
 - Level 1.1 Spellcasting
 - Level 1.0 Hexes
 - Level 1.0 Evocations


You had 3 spell levels left.
You knew the following spells:

 Your Spells              Type           Power      Damage    Failure   Level
a - Slow                  Hex            12%        N/A       22%         1

Your spell library contained the following spells:

 Spells                   Type           Power      Damage    Failure   Level
 Sandblast                Erth           0%         2d4       32%         1
 Passwall                 Tmut/Erth      0%         N/A       45%         2
 Portal Projectile        Hex/Tloc       4%         N/A       63%         3
 Stone Arrow              Conj/Erth      0%         3d7       69%         3


Dungeon Overview and Level Annotations

Branches:
Dungeon (2/15)

Altars:
Wu Jian

Shops:
D:3 *


Innate Abilities, Weirdness & Mutations

You have extremely sharp teeth.
When hurt, damage is shared between your health and your magic reserves.
Your bite disrupts and absorbs the magic of your enemies.
Potions cannot restore your health.


Message History

You hit the orc.
The orc is heavily wounded.
The orc hits you with a +0 war axe!
You hit the orc but do no damage.
The orc is heavily wounded.
The orc hits you with a +0 war axe.
You are too injured to fight recklessly!
You are too injured to fight recklessly!
You are too injured to fight recklessly!
You are too injured to fight recklessly!
You are too injured to fight recklessly!
You are too injured to fight recklessly!
You are too injured to fight recklessly!
You are too injured to fight recklessly!
You are too injured to fight recklessly!
You are too injured to fight recklessly!
You are too injured to fight recklessly!
You are too injured to fight recklessly!
You are too injured to fight recklessly!
You are too injured to fight recklessly!
You are too injured to fight recklessly!
You are too injured to fight recklessly!
You are too injured to fight recklessly!
You are too injured to fight recklessly!
You are too injured to fight recklessly!
You are too injured to fight recklessly!
You are too injured to fight recklessly!
You are too injured to fight recklessly!
You closely miss the orc. You bite the orc. You drain its power.
You feel invigorated.
The orc is severely wounded.
The orc barely misses you.
You barely miss the orc.
The orc is severely wounded.
The orc hits you with a +0 war axe.
* * * LOW HITPOINT WARNING * * *
You hit the orc.
The orc is almost dead.
The orc hits you with a +0 war axe!
You die...

#..#.#.# #..#.#.#
#..#.#.# # #..#.#.#
#..#$#..#.#.#########
.....................
#..####.#.#.#########
........#.#.#
###..#.@..#.# #.
#o####.# # #. #.###
#. #...## #.
##.#..###
#...#.......#
#.#.......###
........##..##
......##.....#


You could see an orc.

Vanquished Creatures
  A worm (D:2)
  A dart slug (D:1)
  4 bats (D:1)
  An endoplasm (D:3)
  A giant cockroach (D:3)
  4 hobgoblins
  2 quokkas (D:2)
  3 ball pythons
  4 goblins
  2 kobolds (D:1)
  A rat (D:1)
24 creatures vanquished.

Vanquished Creatures (others)
  3 fungi (D:2)
3 creatures vanquished.

Grand Total: 27 creatures vanquished

Notes
Turn   | Place    | Note
-------+----------+-------------------------------------------
     0 | D:1      | Descartes the Vine Stalker Wanderer began the quest for the
                  | Orb.
     0 | D:1      | Descartes set off with the following items: a +0 dagger, 11
                  | poisoned darts, 2 potions of brilliance, a +0 robe; and the
                  | following spell memorised: Slow; and the following spells
                  | available to memorise: Portal Projectile
     0 | D:1      | Reached XP level 1. HP: 9/9 MP: 3/3
   415 | D:1      | Reached XP level 2. HP: 13/13 MP: 2/4
   500 | D:1      | Reached skill level 1 in Short Blades
   751 | D:1      | Found a faded altar of an unknown god.
  1185 | D:1      | Prayed at the altar of an unknown god.
  1185 | D:1      | Became a worshipper of the Wu Jian Council
  1185 | D:1      | Reached * piety under Wu Jian
  1784 | D:2      | Reached XP level 3. HP: 10/16 MP: 2/5
  2048 | D:2      | You fall into a shaft and drop 1 floor!
  2055 | D:3      | Found Edideole's General Store.
  2203 | D:3      | Slain by an orc

Illustrated notes

Levels and vault maps discovered:
D:1:      tarquinn_simple_flora_water_c, layout_basic,
          dreamdust_ecumenical_altar_hidden_monk_grotto
D:2:      wander_river, layout_rooms, amcnicky_mini_rare_corridor_liquid,
          serial_park_tiny_2, minmay_misc_feat_five, uniq_crazy_yiuf_cottage
D:3:      layout_basic, serial_shops, shop_fountains,
          hangedman_decor_peaks_small, minmay_crystal_room, hex_large,
          uniq_natasha

Skill      XL: |  1  2  3 |
---------------+----------+-----
Stealth        | 2 3 |  3.0
Short Blades   | 1 |  1.6
Throwing       | |  1.7
Unarmed Combat | |  4.0
Spellcasting   | |  1.1
Hexes          | |  1.0
Evocations     | |  1.0

Action                   || total
-------------------------++-------
Melee: Dagger            ||    74
       Bite              ||    17
       Punch             ||     3
Invok: Lunge             ||     6
       Whirlwind         ||     3
 Stab: Sleeping          ||     4
Armor: Robe              ||    15
Dodge: Dodged            ||    38
